 Dungeon Crawl Stone Soup version 0.25-a0-668-gea548f19b6 (webtiles) character file.

Game seed: 13284867504685065183, levelgen mode: deterministic

7015 nono the Fighter (level 11, -4/65 HPs)
             Began as a Vine Stalker Hunter on Mar 28, 2020.
             Was a Believer of the Shining One.
             Slain by a torpor snail (19 damage)
             ... on level 1 of the Lair of Beasts.
             The game lasted 00:36:55 (9392 turns).

nono the Fighter (Vine Stalker Hunter)              Turns: 9392, Time: 00:36:56

Health: -4/65      AC:  9    Str: 24    XL:     11   Next: 8%
Magic:  0/15       EV: 13    Int: 11    God:    the Shining One [**....]
Gold:   163        SH: 13    Dex: 15    Spells: 10/10 levels left

rFire    . . .     SeeInvis .   U - +5 mace
rCold    . . .     Gourm    .   (no shield)
rNeg     + . .     Faith    .   B - +0 swamp dragon scales
rPois    +         Spirit   +   y - +0 helmet
rElec    .         Reflect  +   (no cloak)
rCorr    .         Harm     .   (no gloves)
MR       +....                  (no boots)
Stlth    +.........             n - +5 amulet of reflection
HPRegen  0.60/turn              N - +6 ring of strength
MPRegen  0.14/turn              R - ring of poison resistance

@: divine shield, slowed, glowing, very slow
A: fangs 3, regeneration 1, magic shield, antimagic bite, no potion heal 3, rot
immunity
a: Divine Shield, Renounce Religion


You were on level 1 of the Lair of Beasts.
You worshipped the Shining One.
The Shining One was pleased with you.
You were not hungry.

You visited 3 branches of the dungeon, and saw 11 of its levels.
You also visited: Ossuary.

You collected 608 gold pieces.
You spent 445 gold pieces at shops.

Inventory:

Hand Weapons
 a - a +0 short sword
 d - a +2 short sword of venom
 g - a +3 dagger of venom
 h - a +2 dagger of speed
 z - a cursed +0 war axe
 E - a cursed +3 mace
 I - a +0 rapier of draining
 S - a +1 whip of flaming
 U - a +5 mace (weapon)
 Z - the +11 scimitar of Karma {pain, +Fly rF++ rC+ Dex-2}
   (You bought it in a shop on level 9 of the Dungeon)

   In the hands of one skilled in necromantic magic, it inflicts extra damage on
   living creatures.
   It affects your dexterity (-2).
   It greatly protects you from fire.
   It protects you from cold.
   It lets you fly.
   The Shining One disapproves of the use of such an item.
Missiles
 c - 5 javelins (quivered)
 A - a throwing net
Armour
 b - a +0 leather armour
 i - a +0 scale mail
 s - a +0 chain mail
 y - a +0 helmet (worn)
 B - +0 swamp dragon scales (worn)
Jewellery
 n - a +5 amulet of reflection (around neck)
 r - an uncursed ring of wizardry {unknown}
 F - an uncursed amulet of rage {unknown}
 N - a +6 ring of strength (left hand)
 P - an uncursed ring of resist corrosion
 Q - an uncursed ring of stealth
 R - a ring of poison resistance (right hand)
 V - an uncursed ring of fire {unknown}
 W - an uncursed ring of protection from fire {unknown}
 Y - an uncursed amulet of the acrobat {unknown}
Wands
 j - a wand of disintegration (22)
 x - a wand of flame (12)
 H - a wand of digging (6)
Scrolls
 e - 2 scrolls of enchant weapon
 p - 5 scrolls of remove curse
 q - 2 scrolls of teleportation
 t - 3 scrolls of amnesia
 D - 5 scrolls of identify
 G - a scroll of holy word {unknown}
 J - a scroll of magic mapping {unknown}
 K - a scroll of random uselessness
 L - a scroll of fear {unknown}
 M - 2 scrolls of brand weapon {unknown}
 T - a scroll of blinking {unknown}
 X - a scroll of torment {unknown}
Potions
 k - 3 potions of heal wounds {unknown}
 l - 4 potions of berserk rage {unknown}
 m - 8 potions of curing {unknown}
 o - 3 potions of brilliance {unknown}
 u - 2 potions of degeneration {unknown}
 v - a potion of cancellation
 w - a potion of invisibility {unknown}
 C - 2 potions of flight {unknown}
 O - 2 potions of mutation {unknown}
Comestibles
 f - 20 rations


   Skills:
 + Level 11.3 Fighting
 + Level 6.5 Maces & Flails
 - Level 3.6 Throwing
 + Level 4.0 Armour
 + Level 4.5 Dodging
 - Level 1.2 Stealth
 - Level 4.5 Invocations


You had 10 spell levels left.
You didn't know any spells.
Your spell library contained the following spells:

 Spells                   Type           Power        Failure   Level  Hunger
 Infusion                 Chrm           #...         47%         1    ##.....
 Shock                    Conj/Air       #...         47%         1    ##.....
 Summon Small Mammal      Summ           #...         47%         1    ##.....
 Call Imp                 Summ           #.......     63%         2    ###....
 Shroud of Golubria       Chrm/Tloc      #.....       63%         2    ###....
 Song of Slaying          Chrm           #.......     63%         2    ###....
 Sublimation of Blood     Necr           #.........   63%         2    ###....
 Swiftness                Chrm/Air       #.......     63%         2    ###....
 Call Canine Familiar     Summ           #.......     85%         3    ####...
 Ignite Poison            Fire/Tmut/Pois #.......     85%         3    ####...
 Ozocubu's Armour         Chrm/Ice       #.......     85%         3    ####...
 Spectral Weapon          Hex/Chrm       #.......     85%         3    ####...
 Static Discharge         Conj/Air       #.......     85%         3    ####...
 Summon Guardian Golem    Hex/Summ       #.......     85%         3    ####...
 Airstrike                Air            #.........   99%         4    #####..
 Cause Fear               Hex            #.........   99%         4    #####..
 Petrify                  Tmut/Erth      #.......     99%         4    #####..
 Summon Ice Beast         Ice/Summ       #.......     99%         4    #####..
 Summon Lightning Spire   Summ/Air       #.......     99%         4    #####..
 Alistair's Intoxication  Tmut/Pois      #.......     100%        5    ######.
 Irradiate                Conj/Tmut      #.........   100%        5    ######.
 Lightning Bolt           Conj/Air       #.........   100%        5    ######.
 Silence                  Hex/Air        #.........   100%        5    ######.
 Yara's Violent Unravell  Hex/Tmut       #.........   100%        5    ######.
 Deflect Missiles         Chrm/Air       #.........   100%        6    #######
 Eringya's Noxious Bog    Tmut/Pois      #.........   100%        6    #######
 Discord                  Hex            #.........   100%        8    #######


Dungeon Overview and Level Annotations

Branches:
Dungeon (9/15)             Temple (1/1) D:5            Lair (1/6) D:9
Ossuary (visited)
    Orc: D:9-12

Altars:
Ashenzari
Cheibriados
Dithmenos
Elyvilon
Fedhas
Gozag
Hepliaklqana
Kikubaaqudgha
Makhleb
Nemelex Xobeh
Okawaru
Qazlal
Ru
Sif Muna
Trog
Uskayaw
Vehumet
Wu Jian
Xom
Yredelemnul
Zin
The Shining One

Shops:
D:4 =   D:9 (

Annotations:
D:6 2 runed translucent doors, emiel's ghost, weakling DsWn


Innate Abilities, Weirdness & Mutations

You have razor-sharp teeth.
Your natural rate of healing is unusually fast.
When hurt, damage is shared between your health and your magic reserves.
Your bite disrupts and absorbs the magic of your enemies.
Potions cannot restore your health.
You are immune to rotting.


Message History

You bite the torpor snail, but do no damage.
The torpor snail is heavily wounded.
The torpor snail bites you!
You hit the torpor snail but do no damage.
You bite the torpor snail. You drain its power.
You feel invigorated.
The torpor snail is heavily wounded.
The torpor snail bites you!
You hit the torpor snail. You bite the torpor snail! You drain its power.
You feel invigorated.
The torpor snail is almost dead.
The torpor snail bites you! x2
* * * LOW HITPOINT WARNING * * *
You hit the torpor snail.
You bite the torpor snail, but do no damage.
The torpor snail is almost dead.
The torpor snail bites you.
* * * LOW HITPOINT WARNING * * *
A divine shield forms around you!
You feel slightly more hungry. The torpor snail bites you!!
You die...

#. #≈#≈# ...... #.###≈#.#
....## #..#.#.# ......
#.w#.# ...... ##..## ...
...... . #.## ............
.... #.##+#+#P...........
#....#.##.#.##...###.####
#......w@........#.......
...>..#.......+...........
.+.....#.....P#...#.......
#....#......##...#.......
#....##......'...........
#... #......#...###P.P#P
... #P######...........
#.) ### #...........
...............


You could see a torpor snail.

Vanquished Creatures
  An unseen horror (D:9)
  Pikel (D:8)
  Psyche (D:8)
  A torpor snail (Lair:1)
  Maggie (D:7)
  A hornet (D:8)
  A wyvern (D:8)
  Sigmund (D:6)
  2 soldier ants (D:8)
  3 wargs (D:8)
  3 slaves (D:8)
  2 ice beasts
  2 phantoms
  2 ogres (D:4)
  5 centaurs
  A crocodile (D:9)
  A big kobold (D:9)
  3 bullfrogs
  2 scorpions
  A water moccasin skeleton (D:4)
  11 killer bees
  10 wights
  2 howler monkeys
  2 crimson imps
  A centaur zombie (D:8)
  4 hounds
  2 jellies
  9 orc priests
  A centaur skeleton (D:9)
  2 bullfrog skeletons (D:9)
  Ijyb (D:5)
  3 iguanas
  10 orc wizards
  Natasha (thrice) (D:4)
  6 worker ants
  4 big kobold zombies (Ossuary)
  A hound skeleton (D:6)
  2 mummies
  4 gnolls
  13 adders
  3 shadow imps
  2 oozes
  3 adder skeletons
  An adder zombie (D:5)
  6 worms
  2 dart slugs
  7 leopard geckos
  20 orcs
  5 spectral bats (Ossuary)
  8 giant cockroaches
  8 gnoll zombies (Ossuary)
  12 goblins
  7 hobgoblins
  6 jackals
  4 quokkas
  2 ball pythons
  7 bats
  3 bat simulacra (Ossuary)
  12 frilled lizards
  5 goblin simulacra (Ossuary)
  5 goblin zombies (Ossuary)
  3 hobgoblin zombies (Ossuary)
  10 kobolds
  2 kobold simulacra (Ossuary)
  4 kobold zombies (Ossuary)
  A leopard gecko skeleton (D:4)
  A leopard gecko zombie (D:6)
  6 orc zombies (Ossuary)
  5 rats
  3 rat simulacra (Ossuary)
  3 spectral kobolds (Ossuary)
  2 spectral rats (Ossuary)
294 creatures vanquished.

Vanquished Creatures (others)
  A slave (D:8)
1 creature vanquished.

Grand Total: 295 creatures vanquished

Notes
Turn   | Place    | Note
-------+----------+-------------------------------------------
     0 | D:1      | nono the Vine Stalker Hunter began the quest for the Orb.
     0 | D:1      | Reached XP level 1. HP: 11/11 MP: 2/2
    81 | D:1      | Reached skill level 2 in Fighting
   407 | D:1      | Reached XP level 2. HP: 10/16 MP: 0/3
   793 | D:1      | Reached skill level 3 in Fighting
   832 | D:1      | Reached XP level 3. HP: 19/20 MP: 4/4
  1412 | D:2      | Found a faded altar of an unknown god.
  1583 | D:2      | Gained mutation: Your natural rate of healing is unusually
                  | fast. [Vine Stalker growth]
  1583 | D:2      | Reached XP level 4. HP: 22/25 MP: 5/5
  1930 | D:3      | Reached skill level 4 in Fighting
  2037 | D:3      | Reached XP level 5. HP: 22/30 MP: 4/6
  2168 | D:3      | Reached skill level 5 in Fighting
  2689 | D:4      | Noticed an ogre
  2700 | D:4      | Killed an ogre
  2700 | D:4      | Reached XP level 6. HP: 34/36 MP: 7/7
  2717 | D:4      | Found a sand-covered staircase.
  2723 | Ossuary  | Entered an ossuary
  2868 | Ossuary  | Reached skill level 6 in Fighting
  3221 | D:4      | Reached XP level 7. HP: 37/41 MP: 8/8
  3522 | D:4      | Found Vija's Jewellery Shoppe.
  3544 | D:4      | Reached skill level 7 in Fighting
  3736 | D:4      | Reached skill level 8 in Fighting
  3771 | D:4      | Gained mutation: You have razor-sharp teeth. [Vine Stalker
                  | growth]
  3771 | D:4      | Reached XP level 8. HP: 43/47 MP: 9/9
  4147 | D:4      | Noticed Natasha
  4169 | D:4      | Killed Natasha
  4277 | D:4      | Noticed Natasha
  4289 | D:4      | Killed Natasha
  4312 | D:5      | Entered Level 5 of the Dungeon
  4440 | D:5      | Reached skill level 9 in Fighting
  4604 | D:5      | Noticed Ijyb
  4613 | D:5      | Killed Ijyb
  5044 | D:5      | Found a staircase to the Ecumenical Temple.
  5058 | Temple   | Entered the Ecumenical Temple
  5181 | Temple   | Became a worshipper of the Shining One
  5254 | D:6      | Reached skill level 10 in Fighting
  5314 | D:6      | Reached XP level 9. HP: 51/55 MP: 10/10
  5390 | D:6      | Noticed Sigmund
  5400 | D:6      | Killed Sigmund
  5427 | D:6      | Reached skill level 11 in Fighting
  5529 | D:6      | Found an iron altar of Okawaru.
  5672 | D:6      | Reached * piety under the Shining One
  5678 | D:6      | Found a large runed translucent door.
  5679 | D:6      | Found a large runed translucent door.
  5683 | D:6      | Noticed emiel's ghost (weakling DsWn)
  6387 | D:7      | Found a shimmering altar of Xom.
  6387 | D:7      | Found a glowing silver altar of Zin.
  6387 | D:7      | Noticed an angel
  6443 | D:7      | Found a stormy altar of Qazlal.
  6457 | D:7      | Reached skill level 1 in Invocations
  6590 | D:7      | Noticed Maggie
  6749 | D:8      | Reached skill level 1 in Armour
  6939 | D:4      | Noticed Natasha
  6944 | D:4      | Killed Natasha
  6973 | D:4      | Bought an uncursed ring of poison resistance for 220 gold
                  | pieces
  7119 | D:7      | Killed Maggie
  7238 | D:8      | Noticed a hornet
  7252 | D:8      | Killed a hornet
  7260 | D:8      | Reached XP level 10. HP: 21/60 MP: 13/13
  7407 | D:8      | Noticed Psyche
  7453 | D:8      | Killed Psyche
  7568 | D:8      | Noticed Pikel
  7568 | D:8      | Reached ** piety under the Shining One
  7637 | D:8      | Killed Pikel
  7744 | D:8      | Found a snail-covered altar of Cheibriados.
  7824 | D:8      | Reached skill level 1 in Maces & Flails
  8089 | D:8      | Found a basalt altar of Yredelemnul.
  8282 | D:9      | Found a staircase to the Lair.
  8282 | D:9      | Found a radiant altar of Vehumet.
  8546 | D:9      | Reached skill level 5 in Maces & Flails
  8600 | D:9      | Found a hide-covered altar of Uskayaw.
  8678 | D:9      | Found a shimmering blue altar of Sif Muna.
  8688 | D:9      | Found a hide-covered altar of Uskayaw.
  8691 | D:9      | Noticed a +0 dagger
  8692 | D:9      | Noticed a +0 hand axe
  8834 | D:9      | Noticed an unseen horror
  8845 | D:9      | Killed an unseen horror
  8969 | D:9      | Reached XP level 11. HP: 65/65 MP: 15/15
  9085 | D:9      | Found Vuxzui's Antique Weapon Shoppe.
  9088 | D:9      | Bought a pitted scimitar for 225 gold pieces
  9088 | D:9      | Identified the +11 scimitar of Karma {pain, +Fly rF++ rC+
                  | Dex-2} (You bought it in a shop on level 9 of the Dungeon)
  9176 | D:9      | Noticed a two-headed ogre
  9275 | Lair:1   | Entered Level 1 of the Lair of Beasts
  9370 | Lair:1   | Found a snail-covered altar of Cheibriados.
  9392 | Lair:1   | Slain by a torpor snail

Levels and vault maps discovered:
D:1:      elethiomel_arrival_shortcut, layout_loops_ring
D:2:      layout_loops_cross, chequers_ecumenical_altar_simple_redux,
          minivault_5
D:3:      layout_basic, first_ration
D:4:      layout_gridville, serial_shops, kennysheep_mini_moat,
          nicolae_ossuary_entry_plus, uniq_natasha
D:5:      layout_basic, temple_green, uniq_ijyb
D:6:      layout_gridville, kennysheep_little_box, ebering_ghost_disaster_area,
          uniq_sigmund
D:7:      layout_loops_ring, grunt_temple_overflow_order_and_chaos_1,
          old_standard_altar, lightli_corner_chamber, uniq_maggie, uniq_duvessa
D:8:      layout_loops_ring, slow_altar_1, lemuel_doored_altar,
          hangedman_pestilent_swarm, minmay_liquid_box, minmay_parallelograms,
          uniq_pikel, uniq_psyche
D:9:      layout_irregular_city, lemuel_crystal_altar,
          nicolae_overflow_crystal_walls, dancing_weapons_uskayaw,
          erik_lair_orcish_takeover, serial_shops, kennysheep_mini,
          serial_column_ruins, column_ruins_hut, column_ruins_temple_hall,
          column_ruins_corridor_straight, column_ruins_grid_1,
          column_ruins_open_small, column_ruins_grid_1
Temple:   dshaligram_water_room_temple
Lair:1:   layout_regular_city, kennysheep_snail_temple, grunt_megastairs_4

Skill      XL: |  1  2  3  4  5  6  7  8  9 10 11 |
---------------+----------------------------------+-----
Fighting       | 2 3 4 5 6 8 10 11 | 11.3
Invocations    | 3 4 |  4.5
Dodging        | 3 4 |  4.5
Armour         | 2 3 4 |  4.0
Maces & Flails | 6 |  6.5
Throwing       | |  3.6
Stealth        | |  1.2

Action                   |  1- 3 |  4- 6 |  7- 9 | 10-12 || total
-------------------------+-------+-------+-------+-------++-------
Melee: Dagger            |   111 |   298 |   433 |   182 ||  1024
       Bite              |    27 |   124 |   173 |   105 ||   429
       Mace              |       |       |       |    71 ||    71
Throw: Javelin           |       |     1 |     3 |       ||     4
       Throwing net      |       |     1 |     1 |       ||     2
Invok: Divine Shield     |       |       |       |     3 ||     3
Evoke: Wand              |       |       |     1 |       ||     1
  Use: Scroll            |       |     2 |    12 |       ||    14
       Potion            |       |       |     2 |       ||     2
 Stab: Held in net/web   |       |     1 |       |       ||     1
  Eat: Chunk             |     2 |     5 |    11 |     7 ||    25
       Ration            |       |       |     1 |       ||     1
Armor: Leather armour    |     2 |       |       |       ||     2
       Scale mail        |    27 |    24 |       |       ||    51
       Chain mail        |       |    65 |   152 |       ||   217
       Swamp dragon scal |       |       |     2 |    56 ||    58
Dodge: Dodged            |    72 |    79 |   134 |   143 ||   428
Block: Other             |       |    50 |    98 |    59 ||   207
       Reflection        |       |       |     2 |     3 ||     5

Table legend:
 A = Non-vault XP
 B = Vault XP
 C = Vault XP percentage of total XP
 D = Non-vault monster count
 E = Vault monster count
 F = Vault count percentage of total count
                 A         B        C        D         E       F
            +---------+---------+-------+---------+---------+-------
      Total |    6404 |    3618 |  36.1 |     217 |      74 |  25.4
            +---------+---------+-------+---------+---------+-------
        D:1 |      45 |       0 |   0.0 |      25 |       0 |   0.0
        D:2 |      61 |       0 |   0.0 |      24 |       0 |   0.0
        D:3 |     172 |       0 |   0.0 |      29 |       0 |   0.0
        D:4 |    1088 |      35 |   3.1 |      37 |       1 |   2.6
        D:5 |     486 |      38 |   7.3 |      15 |       1 |   6.2
        D:6 |    1037 |     197 |  16.0 |      24 |       1 |   4.0
        D:7 |     213 |     395 |  65.0 |       8 |       1 |  11.1
        D:8 |    1387 |    2360 |  63.0 |      27 |      14 |  34.1
        D:9 |    1819 |       3 |   0.2 |      27 |       1 |   3.6
     Lair:1 |      96 |     403 |  80.8 |       1 |       1 |  50.0
    Ossuary |       0 |     187 | 100.0 |       0 |      54 | 100.0
            +---------+---------+-------+---------+---------+-------
